AoeStats
← OctopusRewind

Black Forest

510068950Analyzed
2v2 RM · 3d ago on Sep 29, 2026· 47m 55s· 4 players
Game mode
Random Map
Map size
Medium (4 player)
Population
200
Speed
Normal
Resources
Standard
Victory
Conquest
Starting age
Dark Age
Ending age
Imperial Age
RankedLock teamsTeams togetherTeam positionsShared explorationLock speedFull tech treeHidden civsTurbo modeCheats
Victory
Defeat
🇪🇸 Ethiopians · Spain
976
+17
🇨🇴 Byzantines · Colombia
934
+19
🇸🇰 Lithuanians · Slovakia
1037
-20
🇺🇸 Portuguese · United States
949
-46
OctopusRewind
1:21 Loom
17:11 Feudal Age
17:23 Feudal Age
18:42 Wheelbarrow
18:01 Town Watch
19:32 Double-Bit Axe
21:48 Horse Collar
26:11 Man-at-Arms
26:37 Arson
28:02 Scale Mail Armor
28:04 Padded Archer Armor
28:10 Scale Barding Armor
30:49 Castle Age
30:42 Bloodlines
31:12 Gold Mining
31:18 Stone Mining
31:48 Forging
31:29 Fletching
33:22 Hand Cart
33:08 Town Patrol
33:15 Husbandry
32:36 Light Cavalry
34:33 Bow Saw
37:08 Imperial Age
34:56 Herbal Medicine
35:20 Fervor
35:24 Devotion
36:04 Heresy
37:06 Stone Shaft Mining
36:29 Gambesons
36:04 Long Swordsman
39:20 Two-Man Saw
38:23 Heated Shot
38:25 Guard Tower
38:47 Heavy Plow
39:05 Elite Skirmisher
39:06 Crossbowman
39:35 Pikeman
39:42 Long Swordsman
43:44 Iron Casting
43:25 Chain Mail Armor
43:31 Chain Barding Armor
43:07 Bodkin Arrow
43:28 Leather Archer Armor
43:38 Ballistics
43:16 Capped Ram
44:19 Two-Handed Swordsman
45:10 Thumb Ring
45:43 Treadmill Crane
46:18 Masonry
47:20 Caravan
47:33 Guilds
47:57 Coinage
Rado
2:35 Loom
13:23 Feudal Age
17:16 Castle Age
18:00 Horse Collar
18:11 Double-Bit Axe
21:21 Heavy Plow
21:48 Bow Saw
23:14 Scale Barding Armor
25:04 Forging
25:15 Chain Barding Armor
27:16 Husbandry
27:26 Bloodlines
28:20 Wheelbarrow
27:31 Town Watch
28:37 Iron Casting
30:00 Hand Cart
29:46 Town Patrol
34:14 Imperial Age
33:59 Scale Mail Armor
33:59 Padded Archer Armor
33:50 Fletching
34:57 Bodkin Arrow
35:53 Plate Barding Armor
35:08 Cavalier
36:33 Bracer
36:35 Padded Archer Armor
36:50 Chain Mail Armor
37:17 Masonry
37:17 Fortified Wall
37:28 Ballistics
38:28 Chemistry
37:40 Fortified Wall
37:41 Masonry
37:13 Treadmill Crane
37:52 Paladin
40:34 Caravan
46:32 Light Cavalry
EihwazTyr
0:45 Loom
12:59 Feudal Age
17:09 Castle Age
25:42 Horse Collar
26:45 Wheelbarrow
27:11 Double-Bit Axe
32:25 Imperial Age
30:40 Scale Barding Armor
30:48 Forging
31:21 Husbandry
31:18 Gold Mining
32:25 Stone Mining
33:35 Conscription
33:33 Bow Saw
34:10 Chain Barding Armor
34:28 Iron Casting
36:01 Chemistry
35:15 Fortified Wall
37:53 Plate Barding Armor
37:45 Hand Cart
37:38 Heavy Plow
38:01 Logistica
38:19 Thumb Ring
38:23 Crossbowman
39:03 Arbalester
39:35 Fletching
39:47 Padded Archer Armor
41:02 Bodkin Arrow
41:23 Leather Archer Armor
42:36 Ballistics
42:14 Murder Holes
42:39 Elite Cataphract
46:31 Bracer
47:01 Ring Archer Armor
46:42 Pikeman
47:38 Gambesons
47:54 Squires
47:56 Scale Mail Armor
47:49 Halberdier
El Cacas
0:29 Loom
13:53 Feudal Age
19:40 Castle Age
19:30 Double-Bit Axe
21:34 Bow Saw
24:30 Padded Archer Armor
28:37 Leather Archer Armor
28:13 Fletching
29:17 Squires
29:04 Arson
29:21 Scale Mail Armor
33:42 Imperial Age
31:15 Fishing Lines
32:08 Chain Mail Armor
33:22 Wheelbarrow
32:44 Gillnets
33:54 Murder Holes
33:34 Crossbowman
34:32 Arbalester
38:05 Two-Man Saw
38:10 Chemistry
38:07 Plate Mail Armor
37:48 Forging
38:13 Hand Cart
38:30 Thumb Ring
39:40 Ballistics
39:32 Fortified Wall
39:33 Masonry
38:52 Capped Ram
40:22 Siege Ram
42:13 Iron Casting
42:10 Ring Archer Armor
41:36 Bodkin Arrow
44:57 Blast Furnace
43:51 Halberdier
47:42 Guilds
47:33 Caravan
Connection lost

Rejoining the realm…

Still unreachable

The connection could not be restored.

Session expired

The server has moved on; the page needs a fresh start.